 Dungeon Crawl Stone Soup version 0.30-a0-591-g3c58d2bc28 (webtiles) character file.

Game seed: 11485089795273163177

1265 wormed the Skirmisher (level 8, -6/58 HPs)
             Began as a Gnoll Wanderer on Jan 5, 2023.
             Mangled by a yak (12 damage)
             ... on level 6 of the Dungeon.
             The game lasted 00:06:00 (4540 turns).

wormed the Skirmisher (Gnoll Wanderer)              Turns: 4540, Time: 00:06:01

Health: -6/58      AC:  4    Str: 10    XL:     8   Next: 52%
Magic:  13/13      EV:  9    Int: 10    God:
Gold:   334        SH:  0    Dex: 29    Spells: 8/13 levels left

rFire   . . .      SeeInvis .    a - +0 shortbow
rCold   . . .      Faith    .    (shield currently unavailable)
rNeg    . . .      Spirit   .    e - +0 leather armour
rPois   .          Reflect  .    (no helmet)
rElec   .          Harm     .    (no cloak)
rCorr   .          Rampage  .    (no gloves)
Will    .....                    c - +0 pair of boots
Stlth   +++                      (no amulet)
HPRegen 0.29/turn                p - +6 ring of dexterity
MPRegen 0.13/turn                t - +6 ring of dexterity

@: held
A: fangs 1, strong nose, distributed training
a: no special abilities


You were on level 6 of the Dungeon.
You visited 1 branch of the dungeon, and saw 6 of its levels.

You collected 334 gold pieces.

Inventory:

Hand Weapons
 a - a +0 shortbow (weapon)
 g - a +0 whip of pain
Missiles
 s - 22 poisoned darts
 w - 4 datura-tipped darts
Armour
 c - a +0 pair of boots (worn)
 e - a +0 leather armour (worn)
Jewellery
 p - a +6 ring of dexterity (left hand)
 t - a +6 ring of dexterity (right hand)
Wands
 x - a wand of flame (21)
Scrolls
 d - a scroll of fog
 h - 4 scrolls of teleportation {unknown}
 i - a scroll of summoning {unknown}
 j - a scroll of enchant weapon {unknown}
 m - 5 scrolls of identify {unknown}
 n - 2 scrolls of fear {unknown}
 q - 2 scrolls of magic mapping {unknown}
 u - a scroll of amnesia {unknown}
 y - a scroll of noise {unknown}
 z - a scroll of blinking {unknown}
 B - a scroll of torment {unknown}
Potions
 b - 2 potions of attraction
 f - 2 potions of magic {unknown}
 k - 2 potions of flight {unknown}
 l - 3 potions of might {unknown}
 o - a potion of degeneration {unknown}
 r - a potion of curing
 v - a potion of invisibility {unknown}
 A - a potion of heal wounds {unknown}


   Skills:
 + Level 3.4 Fighting
 + Level 3.4 Short Blades
 + Level 3.4 Long Blades
 + Level 3.4 Axes
 + Level 3.4 Maces & Flails
 + Level 3.4 Polearms
 + Level 3.4 Staves
 + Level 9.2 Ranged Weapons
 + Level 3.4 Throwing
 + Level 3.4 Armour
 + Level 5.8 Dodging
 + Level 4.2 Stealth
 + Level 3.4 Shields
 + Level 5.8 Unarmed Combat
 + Level 3.4 Spellcasting
 + Level 2.8 Conjurations
 + Level 2.8 Hexes
 + Level 2.8 Summonings
 + Level 2.8 Necromancy
 + Level 2.8 Translocations
 + Level 2.8 Transmutations
 + Level 2.8 Fire Magic
 + Level 2.8 Ice Magic
 + Level 2.8 Air Magic
 + Level 2.8 Earth Magic
 + Level 2.8 Poison Magic
 + Level 3.8 Invocations
 + Level 4.4 Evocations


You had 8 spell levels left.
You knew the following spells:

 Your Spells              Type           Power      Damage    Failure   Level
a - Call Canine Familiar  Summ           7%         N/A       32%         3
b - Wereblood             Tmut           7%         N/A       17%         2

Your spell library contained the following spells:

 Spells                   Type           Power      Damage    Failure   Level
 Beastly Appendage        Tmut           14%        N/A       11%         1
 Portal Projectile        Hex/Tloc       14%        N/A       32%         3
 Spider Form              Tmut/Pois      7%         N/A       32%         3
 Vhi's Electric Charge    Tloc/Air       14%        N/A       32%         3
 Leda's Liquefaction      Hex/Erth       3%         N/A       73%         4
 Arcjolt                  Conj/Air       3%         1d13      97%         5
 Maxwell's Capacitive Co  Air            3%         ∞         100%        8


Dungeon Overview and Level Annotations

Branches:
Dungeon (6/15)
 Temple: D:4-7

Altars:
Dithmenos
Fedhas
Nemelex Xobeh
Qazlal
Vehumet
Wu Jian
Yredelemnul

Shops:
D:5 (

Annotations:
D:5 3 runed translucent doors, freelancePsychic's ghost, novice TrVM


Innate Abilities, Weirdness & Mutations

You have very sharp teeth.
Your uncanny sense of smell can sniff out nearby items.
Your experience applies equally to all skills.


Message History

You shoot an arrow. The yak bellows! x2
The arrow hits the yak but does no damage.
You hear a shout!
A gnoll comes into view. It is wielding a +0 spear.
The gnoll moves out of view.
The yak bellows!
The gnoll throws a throwing net.
The throwing net hits you.
You become entangled in the net!
You see here a throwing net.
You struggle against the net.
You tear a large gash into the net.
The gnoll shouts!
You shred the net and break free! The gnoll barely misses you.
The gnoll throws a throwing net.
The throwing net hits you.
You become entangled in the net!
The yak gores you but does no damage.
You see here a throwing net.
You struggle against the net.
The gnoll shouts!
The gnoll hits you from afar with a +0 spear.
The yak barely misses you.
You struggle against the net.
The gnoll barely misses you.
The gnoll hits you from afar with a +0 spear.
The yak gores you.
You struggle against the net.
The gnoll hits you from afar with a +0 spear.
The gnoll closely misses you. The yak gores you. The yak gores you!
You struggle against the net.
The gnoll hits you from afar with a +0 spear.
The yak gores you!
* * * LOW HITPOINT WARNING * * *
The gnoll hits you from afar with a +0 spear.
* * * LOW HITPOINT WARNING * * *
The yak barely misses you. The yak misses you.
It was a potion of curing.
You feel better. The gnoll closely misses you. The yak closely misses you.
The gnoll hits you from afar with a +0 spear.
* * * LOW HITPOINT WARNING * * *
The yak gores you!
You die...

##.# #...........
#..#
#.#####......g..#
#.##
#.#.)...........#
#. #.).#
#.........#. #.
##..#
#........... ..
##
#..###.........#
..# #.
#.....#.ggg...#
..# #.
#..###....YY##
#..# #) #..##
#####Y@.#### ##.#
#. #..#
####....###..# #.
#.# ##......# #.
#.# ##†....## #.
.. ##...>.## ##
#......## #
##......###
####......o##
###...........#


You could see 3 yaks and 4 gnolls.

Vanquished Creatures
  Eustachio (D:4)
  A black bear (D:5)
  A sky beast (D:6)
  3 ice beasts
  2 phantoms
  A kobold brigand (D:6)
  2 howler monkeys
  A jelly (D:5)
  An orc priest (D:6)
  A gnoll bouda (D:6)
  3 iguanas
  An orc wizard (D:3)
  2 hound zombies (D:5)
  3 gnolls
  4 adders
  A white imp (D:6)
  5 dart slugs
  14 orcs
  4 endoplasms
  3 giant cockroaches
  7 hobgoblins
  14 kobolds
  2 quokkas
  9 ball pythons
  7 bats
  11 frilled lizards
  5 goblins
  8 rats
117 creatures vanquished.

Vanquished Creatures (others)
  26 plants
26 creatures vanquished.

Grand Total: 143 creatures vanquished

Notes
Turn   | Place    | Note
-------+----------+-------------------------------------------
     0 | D:1      | wormed the Gnoll Wanderer began the quest for the Orb.
     0 | D:1      | wormed set off with the following items: a +0 shortbow, a
                  | potion of attraction, a +0 pair of boots, a scroll of fog,
                  | a +0 leather armour.
     0 | D:1      | Reached XP level 1. HP: 13/13 MP: 1/1
   171 | D:1      | Reached XP level 2. HP: 19/19 MP: 2/2
   180 | D:1      | Found a faded altar of an unknown god.
   321 | D:1      | Reached XP level 3. HP: 25/25 MP: 3/3
   715 | D:2      | Reached skill level 1 in Invocations
   865 | D:2      | Reached skill level 1 in Fighting
   865 | D:2      | Reached skill level 1 in Short Blades
   865 | D:2      | Reached skill level 1 in Long Blades
   865 | D:2      | Reached skill level 1 in Axes
   865 | D:2      | Reached skill level 1 in Maces & Flails
   865 | D:2      | Reached skill level 1 in Polearms
   865 | D:2      | Reached skill level 1 in Staves
   865 | D:2      | Reached skill level 1 in Throwing
   865 | D:2      | Reached skill level 1 in Armour
   865 | D:2      | Reached skill level 1 in Shields
   865 | D:2      | Reached skill level 1 in Spellcasting
   925 | D:2      | Learned a level 3 spell: Call Canine Familiar
  1380 | D:2      | Reached XP level 4. HP: 21/32 MP: 5/5
  1831 | D:3      | Reached skill level 1 in Conjurations
  1831 | D:3      | Reached skill level 1 in Hexes
  1831 | D:3      | Reached skill level 1 in Summonings
  1831 | D:3      | Reached skill level 1 in Necromancy
  1831 | D:3      | Reached skill level 1 in Translocations
  1831 | D:3      | Reached skill level 1 in Transmutations
  1831 | D:3      | Reached skill level 1 in Fire Magic
  1831 | D:3      | Reached skill level 1 in Ice Magic
  1831 | D:3      | Reached skill level 1 in Air Magic
  1831 | D:3      | Reached skill level 1 in Earth Magic
  1831 | D:3      | Reached skill level 1 in Poison Magic
  2055 | D:3      | Reached XP level 5. HP: 37/37 MP: 7/7
  2291 | D:4      | Noticed an ice beast
  2297 | D:4      | Killed an ice beast
  2297 | D:4      | Noticed a phantom
  2303 | D:4      | Killed a phantom
  2304 | D:4      | Reached skill level 5 in Dodging
  2304 | D:4      | Reached skill level 5 in Unarmed Combat
  2304 | D:4      | Reached XP level 6. HP: 44/44 MP: 7/9
  2316 | D:4      | Learned a level 2 spell: Wereblood
  2381 | D:4      | Noticed Eustachio
  2399 | D:4      | Killed Eustachio
  2667 | D:4      | Reached XP level 7. HP: 50/50 MP: 10/10
  2981 | D:5      | Entered Level 5 of the Dungeon
  2993 | D:5      | Found Ofirepisk's Weapon Emporium.
  3045 | D:5      | Reached skill level 9 in Ranged Weapons
  3227 | D:5      | Found an ornate altar of the Wu Jian Council.
  3358 | D:5      | Found a stormy altar of Qazlal.
  3358 | D:5      | Found a sparkling altar of Nemelex Xobeh.
  3358 | D:5      | Found a shadowy altar of Dithmenos.
  3358 | D:5      | Found a radiant altar of Vehumet.
  3362 | D:5      | Found a blossoming altar of Fedhas.
  3567 | D:5      | Reached XP level 8. HP: 58/58 MP: 12/12
  3655 | D:5      | You fall into a shaft and drop 1 floor!
  3925 | D:6      | Noticed a yak
  3926 | D:6      | Noticed a yak
  4189 | D:5      | Found a runed translucent gate.
  4189 | D:5      | Found a runed translucent gate.
  4189 | D:5      | Found a runed translucent gate.
  4189 | D:5      | Noticed freelancePsychic's ghost (novice TrVM)
  4191 | D:5      | Found a basalt altar of Yredelemnul.
  4428 | D:6      | Noticed a yak
  4540 | D:6      | Mangled by a yak

Illustrated notes

Levels and vault maps discovered:
D:1:      amcnicky_arrival_gap_in_the_tavern_cellar, layout_loops_ring,
          basic_ecumenical_altar, minmay_domino_4
D:2:      layout_loops_corners
D:3:      layout_basic, minmay_lizard_king
D:4:      layout_gridville, uniq_eustachio
D:5:      layout_basic, minitemple, nicolae_yredelemnul_ghost_church,
          kennysheep_mini_moat, serial_shops, shop
D:6:      layout_cave_pods, tso_altar, nicolae_grassy_gnolls

Skill      XL: |  1  2  3  4  5  6  7  8 |
---------------+-------------------------+-----
Invocations    | 1 2 3 |  3.8
Fighting       | 1 2 3 |  3.4
Short Blades   | 1 2 3 |  3.4
Long Blades    | 1 2 3 |  3.4
Axes           | 1 2 3 |  3.4
Maces & Flails | 1 2 3 |  3.4
Polearms       | 1 2 3 |  3.4
Staves         | 1 2 3 |  3.4
Throwing       | 1 2 3 |  3.4
Armour         | 1 2 3 |  3.4
Shields        | 1 2 3 |  3.4
Spellcasting   | 1 2 3 |  3.4
Conjurations   | 1 2 |  2.8
Hexes          | 1 2 |  2.8
Summonings     | 1 2 |  2.8
Necromancy     | 1 2 |  2.8
Translocations | 1 2 |  2.8
Transmutations | 1 2 |  2.8
Fire Magic     | 1 2 |  2.8
Ice Magic      | 1 2 |  2.8
Air Magic      | 1 2 |  2.8
Earth Magic    | 1 2 |  2.8
Poison Magic   | 1 2 |  2.8
Evocations     | 3 4 |  4.4
Dodging        | 5 |  5.8
Stealth        | 3 4 |  4.2
Unarmed Combat | 5 |  5.8
Ranged Weapons | 9 |  9.2

Action                   |  1- 3 |  4- 6 |  7- 9 || total
-------------------------+-------+-------+-------++-------
 Fire: Shortbow          |   105 |   115 |   132 ||   352
  Use: Potion            |       |       |     1 ||     1
Armor: Leather armour    |    11 |    12 |     8 ||    31
Dodge: Dodged            |    25 |    58 |    50 ||   133

Table legend: (Time is in decaauts)
 A = Elapsed time spent in this place.
 B = Non-inter-level travel time spent in this place.
 C = Inter-level travel time spent in this place.
 D = Time resting spent in this place.
 E = Time spent auto-exploring this place.
 F = Levels seen in this place.
 G = Mean time per level.
                   A        B        C        D        E       F      G
               +--------+--------+--------+--------+--------+-----+--------+
         Total |   4576 |   4334 |    242 |      0 |   3667 |   6 |  762.7 |
       Dungeon |   4576 |   4334 |    242 |      0 |   3667 |   6 |  762.7 |
               +--------+--------+--------+--------+--------+-----+--------+

Top non-repeatable levels by time:
     D:5: 1084 daAuts
     D:2: 979 daAuts
     D:4: 738 daAuts
     D:1: 675 daAuts
     D:3: 613 daAuts
     D:6: 485 daAuts
